 Dungeon Crawl Stone Soup version 0.30-a0-852-g08b95dd62f (webtiles) character file.

Game seed: 13541023932878606456

4627 cheesebisquit the Geomancer (level 10, 0/53 HPs)
             Began as a Gargoyle Earth Elementalist on Mar 4, 2023.
             Slain by a troll (9 damage)
             ... on level 7 of the Dungeon.
             The game lasted 00:23:23 (7799 turns).

cheesebisquit the Geomancer (GrEE)                  Turns: 7799, Time: 00:23:24

Health: 0/53       AC: 18    Str: 12    XL:     10   Next: 42%
Magic:  11/19      EV: 11    Int: 32    God:
Gold:   300        SH:  0    Dex: 10    Spells: 17/21 levels left

rFire   . . .      SeeInvis .    c - staff of earth
rCold   . . .      Faith    .    (no shield)
rNeg    + . .      Spirit   .    u - +3 leather armour {rPois}
rPois   ∞          Reflect  .    A - +0 helmet
rElec   +          Rampage  .    k - +0 cloak
rCorr   .                        g - +0 pair of gloves
Will    .....                    d - +1 pair of boots
Stlth   ++                       (no amulet)
HPRegen 0.28/turn                y - +6 ring of intelligence
MPRegen 0.16/turn                E - +6 ring of intelligence

@: hasted, very quick
A: sickness immunity, AC +7, negative energy resistance 1, electricity
resistance, torment resistance 1, petrification resistance
a: no special abilities


You were on level 7 of the Dungeon.
You visited 2 branches of the dungeon, and saw 8 of its levels.

You collected 300 gold pieces.

Inventory:

Hand Weapons
 D - the +4 sling "Ziekkuc" {flame, rCorr Str-5 Int+6}
   (You found it on level 6 of the Dungeon)

   Str:       It affects your strength (-5).
   Int:       It affects your intelligence (+6).
   rCorr:     It protects you from acid and corrosion.
Armour
 d - a +1 pair of boots (worn)
 g - a +0 pair of gloves (worn)
 k - a +0 cloak (worn)
 u - a +3 leather armour of poison resistance (worn)
 A - a +0 helmet (worn)
Magical Staves
 c - a staff of earth (weapon)
Jewellery
 y - a +6 ring of intelligence (left hand)
 E - a +6 ring of intelligence (right hand)
 F - a ring of see invisible
Wands
 w - a wand of charming (2)
 G - a wand of digging (5)
Scrolls
 a - a scroll of fear
 h - 3 scrolls of teleportation
 i - 2 scrolls of vulnerability
 j - a scroll of enchant armour {unknown}
 m - a scroll of amnesia {unknown}
 q - 2 scrolls of poison
 v - a scroll of fog {unknown}
 x - a scroll of summoning {unknown}
 z - 2 scrolls of noise
 B - a scroll of immolation
 H - a scroll of magic mapping {unknown}
 I - a scroll of identify
Potions
 b - 3 potions of magic
 e - a potion of attraction {unknown}
 f - 3 potions of degeneration
 l - 3 potions of curing
 n - 2 potions of mutation
 o - 6 potions of lignification
 p - a potion of brilliance {unknown}
 r - a potion of heal wounds {unknown}
 s - a potion of haste
 t - 3 potions of cancellation
 C - 2 potions of might {unknown}


   Skills:
 + Level 2.3 Fighting
 + Level 6.5 Staves
 - Level 1.5 Dodging
 - Level 2.1 Stealth
 + Level 6.3 Spellcasting
 + Level 6.8 Conjurations
 - Level 0.7 Transmutations
 + Level 8.8 Earth Magic
 + Level 6.0 Evocations


You had 17 spell levels left.
You knew the following spells:

 Your Spells              Type           Power      Damage    Failure   Level
a - Sandblast             Erth           100%       2d20      1%          1
b - Stone Arrow           Conj/Erth      100%       3d13      1%          3

Your spell library contained the following spells:

 Spells                   Type           Power      Damage    Failure   Level
 Passwall                 Tmut/Erth      47%        N/A       1%          2
 Slow                     Hex            40%        N/A       5%          1
 Petrify                  Tmut/Erth      57%        N/A       8%          4
 Ensorcelled Hibernation  Hex/Ice        20%        N/A       9%          2
 Spider Form              Tmut/Pois      12%        N/A       14%         3
 Confusing Touch          Hex            10%        N/A       17%         3
 Vampiric Draining        Necr           10%        2d6       17%         3
 Anguish                  Hex/Necr       5%         N/A       50%         4
 Dispel Undead            Necr           10%        3d9       50%         4
 Death Channel            Necr           5%         N/A       100%        6
 Cigotuvi's Dreadful Rot  Necr/Pois/Air  Unusable   N/A       N/A         2

Dungeon Overview and Level Annotations

Branches:
Dungeon (7/15)             Temple (1/1) D:4

Altars:
Ashenzari
Cheibriados
Dithmenos
Elyvilon
Fedhas
Gozag
Kikubaaqudgha
Makhleb
Nemelex Xobeh
Okawaru
Qazlal
Ru
Sif Muna
Vehumet
Xom
Yredelemnul
Zin


Innate Abilities, Weirdness & Mutations

You are immune to sickness and miasma.
Your stone body is resilient. (AC +7)
You are immune to poison.
You resist negative energy. (rN+)
You are resistant to electric shocks. (rElec)
You are resistant to unholy torment.
You are immune to petrification.


Message History

The steam dragon is almost dead.
The steam dragon breathes steam at you. The ball of steam hits you.
The steam dragon closely misses you. The steam dragon claws you.
You are engulfed in a cloud of scalding steam.
The steam dragon attacks as you move away!
The steam dragon bites you but does no damage.
The steam dragon claws you.
You are too injured to fight recklessly!
Aiming: Sandblast (safe; 1% risk of failure)
Press: ? - help, Q - select action, (/) - cycle Shift-Dir - straight line, f/p - steam dragon
Aim: a steam dragon (steam, almost dead, catching its breath, 85% to hit)
You feel a surge of power!
The blast of sand hits the steam dragon!
You kill the steam dragon!
Your Evocations skill increases to level 6!
Aiming: Sandblast (safe; 1% risk of failure)
Press: ? - help, Q - select action, (/) - cycle Shift-Dir - straight line, f - troll
Aim: a troll (heavily wounded, 85% to hit)
You feel a surge of power!
The blast of sand hits the troll.
The troll is severely wounded.
Aiming: Sandblast (safe; 1% risk of failure)
Press: ? - help, Q - select action, (/) - cycle Shift-Dir - straight line, f/p - troll
Aim: a troll (severely wounded, 85% to hit)
You feel a surge of power!
The blast of sand hits the troll!
The troll is almost dead.
Aiming: Sandblast (safe; 1% risk of failure)
Press: ? - help, Q - select action, (/) - cycle Shift-Dir - straight line, f/p - troll
Aim: a troll (severely wounded, 85% to hit)
You feel a surge of power!
The blast of sand misses the troll.
The troll bites you!
* * * LOW HITPOINT WARNING * * *
The troll claws you but does no damage. The troll claws you.
* * * LOW HITPOINT WARNING * * *
The troll bites you but does no damage. The troll barely misses you.
The troll claws you.
* * * LOW HITPOINT WARNING * * *
You feel yourself speed up. The troll bites you but does no damage.
The troll claws you!
You die...

#........
#.......
#......
..... ...
#'# #.#
#T# #@#
.# ###.#
..# #...#
..##
#...# ...
#...#
##.##
###.#
#.... #.#
######
.#.. #.#
#....#
###.#.)
#.#
#....#
#...#..


You could see a troll.

Vanquished Creatures
  A two-headed ogre (D:7)
  A deep elf pyromancer (D:7)
  An unseen horror (D:7)
  A troll (D:7)
  A wyvern (D:6)
  2 yaks
  Eustachio (D:4)
  A steam dragon (D:7)
  A sky beast (D:6)
  2 ice beasts
  An ogre (D:5)
  5 black bears
  A centaur (D:5)
  3 phantoms
  3 scorpions (D:5)
  A wight (D:7)
  A howler monkey (D:5)
  7 hounds
  A jelly (D:5)
  8 orc priests
  A gnoll bouda (D:6)
  A sleepcap (D:5)
  Ijyb (D:5)
  9 orc wizards
  2 iguanas
  4 gnolls (D:6)
  8 adders
  3 shadow imps (D:7)
  2 white imps (D:6)
  3 ufetubi
  A worm (D:2)
  3 dart slugs
  14 orcs
  10 endoplasms
  3 giant cockroaches
  9 goblins
  13 hobgoblins
  5 jackals
  5 kobolds
  4 quokkas
  7 ball pythons
  A bat (D:2)
  2 frilled lizards
  6 rats
160 creatures vanquished.

Vanquished Creatures (others)
  4 plants (D:1)
4 creatures vanquished.

Grand Total: 164 creatures vanquished

Notes
Turn   | Place    | Note
-------+----------+-------------------------------------------
     0 | D:1      | cheesebisquit the Gargoyle Earth Elementalist began the
                  | quest for the Orb.
     0 | D:1      | Reached XP level 1. HP: 10/10 MP: 3/3
   311 | D:1      | Reached XP level 2. HP: 15/15 MP: 3/5
   651 | D:1      | Reached skill level 1 in Staves
   653 | D:1      | Reached skill level 4 in Earth Magic
   824 | D:1      | Reached XP level 3. HP: 16/19 MP: 3/6
   925 | D:1      | Reached skill level 1 in Evocations
  1907 | D:2      | Learned a level 3 spell: Stone Arrow
  2068 | D:3      | Reached XP level 4. HP: 24/24 MP: 4/7
  2949 | D:4      | Found a shadowy altar of Dithmenos.
  2995 | D:4      | Found a staircase to the Ecumenical Temple.
  3003 | Temple   | Entered the Ecumenical Temple
  3225 | D:4      | Reached skill level 1 in Conjurations
  3249 | D:4      | Reached XP level 5. HP: 28/28 MP: 2/9
  3458 | D:4      | Noticed a black bear
  3463 | D:4      | Killed a black bear
  3489 | D:4      | Reached XP level 6. HP: 32/32 MP: 3/10
  3652 | D:4      | Noticed Eustachio
  3660 | D:4      | Killed Eustachio
  3661 | D:4      | Reached skill level 5 in Earth Magic
  3795 | D:5      | Entered Level 5 of the Dungeon
  3807 | D:5      | Reached XP level 7. HP: 25/36 MP: 3/12
  4138 | D:5      | Noticed Ijyb
  4166 | D:5      | Killed Ijyb
  4619 | D:5      | Reached XP level 8. HP: 41/41 MP: 5/14
  4690 | D:5      | Reached skill level 6 in Earth Magic
  5002 | D:5      | Noticed a yak
  5005 | D:5      | Killed a yak
  5323 | D:5      | Reached skill level 5 in Spellcasting
  5323 | D:5      | Reached skill level 7 in Earth Magic
  5323 | D:5      | Reached XP level 9. HP: 45/45 MP: 12/16
  5576 | D:5      | Reached skill level 5 in Conjurations
  5751 | D:6      | Reached skill level 5 in Staves
  6137 | D:6      | Identified the +4 sling "Ziekkuc" {flame, rCorr Str-5
                  | Int+6}
  6436 | D:6      | Reached skill level 5 in Evocations
  6825 | D:7      | Noticed a two-headed ogre
  6832 | D:7      | Killed a two-headed ogre
  6833 | D:7      | Reached skill level 8 in Earth Magic
  6854 | D:7      | Reached XP level 10. HP: 48/51 MP: 13/19
  6858 | D:7      | Noticed a deep elf pyromancer
  6867 | D:7      | Killed a deep elf pyromancer
  6868 | D:7      | Reached skill level 1 in Fighting
  7075 | D:7      | Noticed an unseen horror
  7119 | D:7      | Killed an unseen horror
  7147 | D:7      | Noticed a deep elf pyromancer
  7799 | D:7      | Slain by a troll

Illustrated notes

Levels and vault maps discovered:
D:1:      dpeg_arrival_more_subterranean_lakeside_camping, layout_loops_corners,
          serial_bayou_lagoon_a, minmay_misc_feat_cross
D:2:      layout_basic
D:3:      layout_loops_corners, minmay_splitting_lines
D:4:      layout_rooms, mainiacjoe_overflow_catwalk, minmay_temple_entry_grid,
          kennysheep_decorative_pillar, uniq_eustachio
D:5:      kennysheep_windowed_halls, layout_loops_ring,
          kennysheep_generic_room_14, uniq_ijyb
D:6:      layout_basic, sigmund_army
D:7:      minmay_the_grid_octo_2x2 [minmay_the_grid_octo_clover,
          minmay_the_grid_octo_chip, minmay_the_grid_octo_pinwheel,
          minmay_the_grid_octo_prize_square_snowflake], layout_basic,
          amcnicky_altar_gilded
Temple:   regret_index_temple_sphere_string

Skill      XL: |  1  2  3  4  5  6  7  8  9 10 |
---------------+-------------------------------+-----
Staves         | 1 2 3 4 6 |  6.5
Earth Magic    | 4 5 7 8 |  8.8
Evocations     | 1 2 3 4 5 6 |  6.0
Conjurations   | 1 2 3 4 6 |  6.8
Spellcasting   | 3 4 5 6 |  6.3
Fighting       | 2 |  2.3
Dodging        | |  1.5
Stealth        | |  2.1
Transmutations | |  0.7

Action                     |  1- 3 |  4- 6 |  7- 9 | 10-12 || total
---------------------------+-------+-------+-------+-------++-------
  Melee: Staff             |       |       |       |     2 ||     2
   Cast: Sandblast         |    62 |    47 |   124 |    37 ||   270
    Use: Scroll            |       |     4 |     4 |     7 ||    15
         Potion            |       |       |       |     1 ||     1
 Armour: Robe              |     6 |     4 |       |       ||    10
         Leather armour    |       |     2 |    33 |    39 ||    74
  Dodge: Dodged            |     8 |     6 |    43 |    11 ||    68

Table legend: (Time is in decaauts)
 A = Elapsed time spent in this place.
 B = Non-inter-level travel time spent in this place.
 C = Inter-level travel time spent in this place.
 D = Time resting spent in this place.
 E = Time spent auto-exploring this place.
 F = Levels seen in this place.
 G = Mean time per level.
                   A        B        C        D        E       F      G
               +--------+--------+--------+--------+--------+-----+--------+
         Total |   7934 |   7602 |    332 |   1345 |   5233 |   8 |  991.8 |
       Dungeon |   7722 |   7413 |    309 |   1345 |   5061 |   7 | 1103.1 |
        Temple |    212 |    189 |     23 |      0 |    172 |   1 |  212.0 |
               +--------+--------+--------+--------+--------+-----+--------+

Top non-repeatable levels by time:
     D:5: 1856 daAuts
     D:1: 1200 daAuts
     D:6: 1192 daAuts
     D:3: 1056 daAuts
     D:7: 1012 daAuts
     D:2: 757 daAuts
     D:4: 646 daAuts
  Temple: 212 daAuts
